 Dungeon Crawl Stone Soup version 0.18-a0-1164-g7046a04 (webtiles) character file.

904 Duffy the Thaumaturge (level 7, 0/38 HPs)
             Began as a Deep Elf Summoner on Jan 25, 2016.
             Slain by a wolf (4 damage)
             ... summoned by the player character
             ... on level 6 of the Dungeon.
             The game lasted 00:09:29 (8501 turns).

Duffy the Thaumaturge (Deep Elf Summoner)           Turns: 8501, Time: 00:09:30

Health: 0/38       AC:  0    Str:  5    XL:     7   Next: 80%
Magic:  20/20      EV: 20    Int: 26    God:
Gold:   24         SH:  0    Dex: 21    Spells: 3 memorised, 16 levels left

rFire  . . .     SeeInvis .     w - +3 greatsling (evade)
rCold  . . .     Gourm    .     v - +1 robe
rNeg   . . .     Faith    .     (no shield)
rPois  .         Spirit   .     (no helmet)
rElec  .         Dismiss  .     J - -4 cloak of the Pit {Dex+6}
rCorr  .         Reflect  .     (no gloves)
SustAt .         Harm     .     (no boots)
MR     .....                    (no amulet)
Stlth  ++........               (no ring)
                                j - +4 ring of intelligence

@: not resistant to hostile enchantments, unstealthy
A: no striking features
a: no special abilities


You were on level 6 of the Dungeon.
You were hungry.

You visited 2 branches of the dungeon, and saw 7 of its levels.

You collected 318 gold pieces.
You spent 294 gold pieces at shops.


   Skills:
 - Level 1.0 Fighting
 - Level 3.8 Dodging
 - Level 2.4 Stealth
 + Level 8.1 Spellcasting
 + Level 8.0 Summonings


You had 16 spell levels left.
You knew the following spells:

 Your Spells              Type           Power        Failure   Level  Hunger
a - Summon Small Mammal   Summ           ####         1%          1    None
i - Call Imp              Summ           ######..     1%          2    None
n - Call Canine Familiar  Summ           ######..     1%          3    None

Inventory:

Hand Weapons
 d - a +0 dagger of protection
 w - a +3 greatsling of evasion (weapon)
Missiles
 p - 68 stones (quivered)
 y - 10 poisoned needles
Armour
 a - a +0 robe
 t - a +0 cloak
 v - a +1 robe (worn)
 J - the -4 cloak of the Pit (worn) {Dex+6}

   It affects your dexterity (+6).
Jewellery
 j - a +4 ring of intelligence (left hand)
 I - an uncursed ring of wizardry
Wands
 o - a wand of slowing (13/48)
 E - a wand of fire (5/15)
 G - a wand of disintegration (10/24)
Scrolls
 e - 4 scrolls of teleportation
 h - 3 scrolls of identify
 i - a scroll of remove curse
 k - a scroll of immolation
Potions
 f - 3 potions of lignification {unknown}
 l - a potion of heal wounds {unknown}
 q - a potion of resistance {unknown}
 u - a potion of curing {unknown}
 x - 2 potions of mutation {unknown}
 z - 3 potions of might {unknown}
 B - a potion of flight {unknown}
 F - 2 potions of agility {unknown}
Books
 b - a book of Callings
Comestibles
 c - 4 bread rations
 m - 2 slices of pizza
 n - 3 beef jerkies
 r - 3 meat rations

Dungeon Overview and Level Annotations

Branches:
Dungeon (6/15)             Temple (1/1) D:4

Altars:
Ashenzari
Cheibriados
Elyvilon
Gozag
Makhleb
Nemelex Xobeh
Okawaru
Qazlal
Ru
Trog
Vehumet
Xom
Yredelemnul
Zin
The Shining One

Shops:
D:6 [


Message History

It was a scroll of remove curse.
Read which item? (? for menu, Esc to quit)
As you read the scroll labeled FELASHOTRYK, it crumbles to dust.
The air around you briefly surges with heat, but it dissipates.
It was a scroll of immolation.
Your surroundings suddenly seem different.
Read which item? (? for menu, Esc to quit)
As you read the scroll labeled JAEWOES ECOF, it crumbles to dust.
Your +3 greatsling of evasion glows mottled chartreuse for a moment.
It was a scroll of random uselessness.
Really attack while wielding your +3 greatsling of evasion?
Really attack your wolf? [Y]es or [N]o only, please.
Really attack your wolf?
You clumsily bash your wolf but do no damage.
The wolf barely misses you. The wolf completely misses you.
You clumsily bash the wolf but do no damage.
The wolf barely misses you. The wolf completely misses you.
The wolf barely misses you.
You miss the wolf. The wolf completely misses you. The wolf misses you.
You miss the wolf.
You are feeling hungry.
The wolf completely misses you. The wolf bites you! The wolf misses you.
You closely miss the wolf. The wolf bites you. The wolf barely misses you.
The wolf bites you!
You clumsily bash the wolf but do no damage.
The wolf misses you. The wolf completely misses you.
You miss the wolf.
The wolf misses you. x2; The wolf bites you.
You closely miss the wolf. The wolf misses you. x2
You barely miss the wolf.
The wolf stops to sniff the ground.
The wolf misses you. The wolf bites you. The wolf completely misses you.
You barely miss the wolf. The wolf closely misses you. The wolf bites you.
You miss the wolf. The wolf bites you.
You die...

##....## ##.#.....# #
#....# #.......#
8##..### ##..)...#
.##.#####.# ##.....#
._#.#.....#
#####.....# .##...#
#####.........#
8######
###.....###.....# #
#...##########.h.#####
#.....#
###.............@###
#.....#
......############
####### ......#
......# #######


You could see a wolf.

Action                   |  1- 3 |  4- 6 |  7- 9 || total
-------------------------+-------+-------+-------++-------
Melee: Dagger            |   118 |   201 |    44 ||   363
       Greatsling        |       |       |    11 ||    11
Throw: Stone             |       |     1 |       ||     1
 Cast: Summon Small Mamm |    32 |       |       ||    32
       Call Imp          |    25 |    20 |       ||    45
       Call Canine Famil |    11 |    25 |    11 ||    47
       Summon Ice Beast  |       |     5 |    12 ||    17
  Use: Scroll            |       |       |    10 ||    10
 Stab: Sleeping          |     3 |     2 |     2 ||     7
       Distracted        |       |       |     1 ||     1
  Eat: Chunk             |     9 |    13 |     5 ||    27
       Fruit             |       |       |     1 ||     1

Notes
Turn   | Place    | Note
--------------------------------------------------------------
     0 | D:1      | Duffy the Deep Elf Summoner began the quest for the Orb.
     0 | D:1      | Reached XP level 1. HP: 10/10 MP: 6/6
   383 | D:1      | Reached skill level 1 in Fighting
   383 | D:1      | Reached XP level 2. HP: 14/16 MP: 2/8
   389 | D:1      | Learned a level 2 spell: Call Imp
  1051 | D:1      | Reached XP level 3. HP: 20/20 MP: 1/9
  1065 | D:1      | Learned a level 3 spell: Call Canine Familiar
  1322 | D:1      | Reached skill level 3 in Dodging
  1701 | D:2      | You fall through a shaft!
  1943 | D:3      | Reached skill level 5 in Summonings
  2180 | D:2      | Found an iron altar of Okawaru.
  3170 | D:2      | Found a basalt altar of Yredelemnul.
  3170 | D:2      | Noticed Natasha
  3189 | D:2      | Killed Natasha
  3189 | D:2      | Reached XP level 4. HP: 25/25 MP: 4/10
  3660 | D:3      | Found a white marble altar of Elyvilon.
  4410 | D:4      | Reached XP level 5. HP: 27/29 MP: 8/12
  4416 | D:4      | Learned a level 4 spell: Summon Ice Beast
  4441 | D:4      | Found a staircase to the Ecumenical Temple.
  4448 | Temple   | Entered the Ecumenical Temple
  4618 | D:4      | Reached skill level 4 in Spellcasting
  4712 | D:4      | Noticed Sigmund
  4729 | D:5      | Entered Level 5 of the Dungeon
  5143 | D:5      | Reached skill level 6 in Summonings
  5580 | D:5      | Found a sacrificial altar of Ru.
  5580 | D:5      | Noticed a phantom
  5618 | D:5      | Killed a phantom
  5618 | D:5      | Reached skill level 5 in Spellcasting
  5618 | D:5      | Reached XP level 6. HP: 34/34 MP: 7/15
  6325 | D:4      | Killed Sigmund
  6325 | D:4      | Reached skill level 6 in Spellcasting
  6713 | D:4      | Reached skill level 7 in Summonings
  6944 | D:4      | Reached XP level 7. HP: 12/38 MP: 18/18
  7581 | D:6      | Found Imitzeq's Antique Armour Boutique.
  7677 | D:6      | Reached skill level 7 in Spellcasting
  7916 | D:6      | Found a shimmering altar of Xom.
  7961 | D:6      | Found a glowing silver altar of Zin.
  8320 | D:6      | Found a shimmering altar of Xom.
  8359 | D:6      | Reached skill level 8 in Spellcasting
  8361 | D:6      | Reached skill level 8 in Summonings
  8383 | D:6      | Bought a twisted cloak for 294 gold pieces
  8393 | D:6      | Identified the cursed -4 cloak of the Pit {Dex+6} (You bought it in a shop on level 6 of the Dungeon)
  8501 | D:6      | Slain by a wolf

Vault maps used:
D:1:      lightli_arrival_maybe_door_vault
D:2:      yredelemnul_forgotten_temple_becter, kennysheep_okawaru_gauntlet,
          first_bread, uniq_natasha
D:3:      elyvilon_altar_5
D:4:      minmay_temple_entry_trees, uniq_sigmund
D:5:      nicolae_ru_awakened_eye
D:6:      lemuel_coloured_pillars_altar, nicolae_overflow_hidden_temple,
          serial_shops, nicolae_shop_trees, basic_altar, minmay_lizard_king
Temple:   triangle_lava_temple_11

Vanquished Creatures
  Sigmund
  2 sky beasts
  A phantom
  2 ogres
  A centaur
  2 wasp zombies
  A crimson imp
  A giant frog zombie
  A jelly
  3 centaur skeletons
  2 hounds
  An orc priest
  3 orc wizards
  A giant frog skeleton
  3 iguanas
  2 worker ants Natasha
  2 hound skeletons
  5 gnolls
  6 adders
  2 shadow imps
  An ooze
  An adder skeleton
  7 worms
  9 giant geckos
  21 orcs
  A ball python
  5 giant cockroaches
  9 goblins
  11 hobgoblins
  7 jackals
  8 kobolds
  5 bats
  A giant cockroach zombie
  4 giant newts
  A quokka skeleton
  8 rats
  A spectral orc
143 creatures vanquished.
